 Seeded DCSS version 0.29-a0-617-g7a6b98fccd (webtiles) character file.

Game seed: 16082249642278480031 (custom seed)

72 zeratav the Sneak (level 4, 0/27 HPs)
             Began as an Octopode Venom Mage on June 17, 2022.
             Killed from afar by a dart slug (4 damage)
             ... with a slug dart
             ... on level 2 of the Dungeon.
             The game lasted 00:02:16 (2480 turns).

zeratav the Sneak (Octopode Venom Mage)             Turns: 2480, Time: 00:02:17

Health: 0/27       AC:  1    Str:  7    XL:     4   Next: 26%
Magic:  4/7        EV: 13    Int: 19    God:
Gold:   58         SH:  5    Dex: 12    Spells: 6/7 levels left

rFire   . . .      SeeInvis .   j - +2 dagger (elec) {short}
rCold   . . .      Faith    .   (no shield)
rNeg    . . .      Spirit   .   (helmet restricted)
rPois   .          Reflect  +   f - amulet of reflection
rElec   .          Harm     .   (no ring)
rCorr   .          Rampage  .   (no ring)
Will    .....                   (no ring)
Stlth   ++++......              (no ring)
HPRegen 0.09/turn               (no ring)
MPRegen 0.10/turn               (no ring)
                                (no ring)
                                (no ring)

@: no status effects
A: almost no armour, amphibious, 8 rings, camouflage 1, gelatinous body 1,
(nimble swimmer 1), tentacles
a: no special abilities


You were on level 2 of the Dungeon.
You visited 1 branch of the dungeon, and saw 2 of its levels.

You collected 58 gold pieces.


Innate Abilities, Weirdness & Mutations

You cannot wear most types of armour.
You are amphibious.
You can wear up to eight rings at the same time.
Your skin changes colour to match your surroundings (Stealth+).
Your rubbery body absorbs attacks. (AC +1, EV +1)
((You are camouflaged when in or above water. (Stealth+)))
You have tentacles for arms and can constrict up to eight enemies at once.


   Skills:
 - Level 2.0 Dodging
 - Level 5.0 Stealth
 - Level 2.0 Spellcasting
 - Level 1.0 Transmutations
 + Level 4.8 Poison Magic


You had 6 spell levels left.
You knew the following spells:

 Your Spells              Type           Power      Damage    Failure   Level
a - Sting                 Tmut/Pois      52%        1d5       4%          1

Your spell library contained the following spells:

 Spells                   Type           Power      Damage    Failure   Level
 Poisonous Vapours        Pois/Air       22%        N/A       10%         2
 Olgreb's Toxic Radiance  Pois           20%        N/A       22%         4
 Mephitic Cloud           Conj/Pois/Air  8%         N/A       26%         3

Inventory:

Hand Weapons
 j - a +2 dagger of electrocution (weapon) {short}
   (You took it off a kobold on level 2 of the Dungeon)
Jewellery
 f - an amulet of reflection (around mantle)
   (You found it on level 1 of the Dungeon)
Scrolls
 e - a scroll of identify {unknown}
 g - a scroll of vulnerability {unknown}
 h - 2 scrolls of enchant weapon {unknown}
Potions
 a - a potion of magic
 c - 2 potions of curing {unknown}
 d - a potion of degeneration {unknown}
 i - a potion of resistance {unknown}
 k - a potion of brilliance {unknown}

Dungeon Overview and Level Annotations

Branches:
Dungeon (2/15) Zot: 9517

Altars:

# #..........# .##
...........# ##..#
#..........# .....
#.......... ...#
....$..w..... .# #...
....... ### .##..# #..)#
..# ....# #@## #.##
#..## #..# #..# #...#
####.###### ...####...##
#.........#
...........###.........#
..######...............#
............##.........#
.......[.#..##.........#
##############.........#


You could see a dart slug.


Message History

You start resting.
Your magical contamination has completely faded away.
HP[+18] MP[+3]
Your hp is fully restored (21).
Your mp is fully restored (6).
You drop a +0 whip {mace}.
You start putting on your amulet.
You continue putting on your amulet of reflection. x5
You finish putting on your amulet of reflection.
You feel a shielding aura gather around you.
f - an amulet of reflection (around mantle) Unknown command.
c - 2 amethyst potions (gained 1)
You now have 58 gold pieces (gained 17).
h - 2 scrolls labelled IRUDOO VOCWO (gained 1) Terence the Incautious comes into view.
He is wielding a +0 mace and carrying a wand of flame (9).
Found a stone staircase leading down.
A giant cockroach comes into view.
There is a stone staircase leading down here.
Casting: Sting (safe; 6% risk of failure)
Confirm with . or Enter, or press ? or * to list all spells.
Aiming: Sting (safe; 6% risk of failure)
Press: ? - help, Shift-Dir - straight line, f - Terence
Aim: Terence, wielding a +0 mace, wearing a +0 scale mail and carrying a wand of flame (9) (asleep, 100% to hit)
The sting hits Terence.
Terence is poisoned.
Terence shouts!
You hear a shout!
A kobold comes into view. It is wielding a +0 club.
A dart slug comes into view.
MP[-1]
You lost 1 mp, and now have 5/6 mp.
Casting: Sting (safe; 6% risk of failure)
Confirm with . or Enter, or press ? or * to list all spells.
Aiming: Sting (safe; 6% risk of failure)
Press: ? - help, Shift-Dir - straight line, f/p - Terence
Aim: Terence, wielding a +0 mace, wearing a +0 scale mail and carrying a wand of flame (9) (lightly wounded, poisoned, 75% to hit)
The sting hits Terence but does no damage.
Terence looks even sicker.
The dart slug launches a dart at you.
The slug dart reflects off an invisible shield around you!
The slug dart hits the dart slug.
MP[-1]
You lost 1 mp, and now have 4/6 mp.
Casting: Sting (safe; 6% risk of failure)
Confirm with . or Enter, or press ? or * to list all spells.
Aiming: Sting (safe; 6% risk of failure)
Press: ? - help, Shift-Dir - straight line, f/p - Terence
Aim: Terence, wielding a +0 mace, wearing a +0 scale mail and carrying a wand of flame (9) (lightly wounded, very poisoned, 75% to hit)
The sting hits Terence.
Terence looks even sicker.
Terence barely misses you.
MP[-1]
You lost 1 mp, and now have 3/6 mp.
You hit Terence. You grab Terence. You squeeze Terence, but do no damage.
You constrict Terence, but do no damage.
Terence shouts, "Get ready for death!"
Terence hits you with a +0 mace! The dart slug launches a dart at you.
The slug dart reflects off an invisible shield around you!
The slug dart hits the dart slug.
HP[-7]
You take 7 damage, and now have 14/21 hp.
MASSIVE DAMAGE!! (PAUSE)
You hit Terence. Lightning courses through Terence!
You kill Terence!
The giant cockroach bites you.
You have reached level 4!
HP[+3]
You now have 27 max hp (+6).
You regained 3 hp, and now have 17/27 hp.
You closely miss the giant cockroach. Your grab misses the giant cockroach.
You block the giant cockroach's attack.
You barely miss the giant cockroach. You grab the giant cockroach.
You constrict the giant cockroach. You block the giant cockroach's attack.
You hit the giant cockroach but do no damage.
You squeeze the giant cockroach, but do no damage.
You constrict the giant cockroach. The kobold barely misses you.
The giant cockroach barely misses you.
You hit the giant cockroach but do no damage.
Your squeeze misses the giant cockroach.
You constrict the giant cockroach, but do no damage.
The giant cockroach closely misses you. The kobold hits you with a +0 club.
* * * LOW HITPOINT WARNING * * *
The giant cockroach bites you but does no damage.
HP[-4]
You take 4 damage, and now have 13/27 hp.
You hit the giant cockroach. You constrict the giant cockroach.
You kill the giant cockroach!
The kobold hits you with a +0 club.
* * * LOW HITPOINT WARNING * * *
HP[-4] MP[+1]
You take 4 damage, and now have 9/27 hp.
You barely miss the kobold. Your grab misses the kobold.
Your squeeze misses the kobold. The kobold hits you with a +0 club.
* * * LOW HITPOINT WARNING * * *
The dart slug launches a dart at you. The slug dart misses you.
HP[-5]
You take 5 damage, and now have 4/27 hp.
You hit the kobold but do no damage. Lightning courses through the kobold!
You kill the kobold!
The dart slug launches a dart at you. The slug dart hits you.
You die...

Skill      XL: |  1  2  3 |
---------------+----------+-----
Stealth        | 3 4 5 |  5.0
Poison Magic   | 4 |  4.8
Dodging        | |  2.0
Spellcasting   | |  2.0
Transmutations | |  1.0

Action                   |  1- 3 |  4- 6 || total
-------------------------+-------+-------++-------
Melee: Whip              |    30 |       ||    30
       Constrict         |    11 |     1 ||    12
       Unarmed           |     1 |       ||     1
       Tentacles         |     6 |     1 ||     7
       Punch             |     1 |       ||     1
       Dagger            |     2 |     7 ||     9
 Cast: Sting             |    48 |       ||    48
 Stab: Sleeping          |     4 |       ||     4
Armor: Skin              |     4 |     1 ||     5
Dodge: Dodged            |    32 |     4 ||    36
Block: Other             |     2 |     2 ||     4
       Reflection        |     2 |       ||     2

Levels and vault maps discovered:
D:1:      dpeg_arrival_boxes_within_box, layout_basic, amcnicky_mini_pool_small
D:2:      layout_rooms, uniq_jessica, uniq_terence

Notes
Turn   | Place    | Note
-------+----------+-------------------------------------------
     0 | D:1      | zeratav the Octopode Venom Mage began the quest for the
                  | Orb.
     0 | D:1      | Reached XP level 1. HP: 11/11 MP: 3/3
     0 | D:1      | magus.rc [v1.9.6]
   107 | D:1      | Reached skill level 3 in Stealth
   367 | D:1      | Reached XP level 2. HP: 17/17 MP: 1/5
   377 | D:1      | Reached skill level 4 in Stealth
   379 | D:1      | HP: 3/17 [jackal (3)]
  1176 | D:1      | Reached XP level 3. HP: 15/21 MP: 1/6
  1493 | D:1      | Reached skill level 5 in Stealth
  2032 | D:2      | Reached skill level 4 in Poison Magic
  2164 | D:2      | HP: 2/21 [kobold/+2 dagger of electrocution (13)]
  2465 | D:2      | Noticed Terence
  2473 | D:2      | Killed Terence
  2474 | D:2      | Reached XP level 4. HP: 17/27 MP: 3/7
  2479 | D:2      | HP: 4/27 [kobold/+0 club (5)]
  2480 | D:2      | Killed from afar by a dart slug

Vanquished Creatures
  Terence (D:2)
  An adder (D:2)
  2 dart slugs (D:1)
  A ball python (D:1)
  2 endoplasms (D:1)
  A giant cockroach (D:2)
  3 goblins
  4 hobgoblins
  4 jackals (D:1)
  2 quokkas (D:1)
  4 bats
  A frilled lizard (D:1)
  4 kobolds
  4 rats (D:1)
34 creatures vanquished.

Table legend:
 A = Non-vault XP
 B = Vault XP
 C = Vault XP percentage of total XP
 D = Non-vault monster count
 E = Vault monster count
 F = Vault count percentage of total count
                 A         B        C        D         E       F
            +---------+---------+-------+---------+---------+-------
      Total |      70 |      36 |  34.0 |      33 |       1 |   2.9
            +---------+---------+-------+---------+---------+-------
        D:1 |      45 |       0 |   0.0 |      25 |       0 |   0.0
        D:2 |      25 |      36 |  59.0 |       8 |       1 |  11.1
            +---------+---------+-------+---------+---------+-------

Illustrated notes

Table legend:
 A = Kills in this place as a percentage of kills in entire the game.
 B = Kills by you in this place as a percentage of kills by you in the entire game.
 C = Kills by friends in this place as a percentage of kills by friends in the entire game.
 D = Other kills in this place as a percentage of other kills in the entire game.
 E = Experience gained in this place as a percentage of experience gained in the entire game.
 F = Experience gained in this place divided by the number of levels of this place that you have seen.
                   A       B       C       D       E      F
               +-------+-------+-------+-------+-------+----------------------
         Total | 100.0 | 100.0 |   N/A |   N/A | 100.0 |  53.0
       Dungeon | 100.0 | 100.0 |   N/A |   N/A | 100.0 |  53.0
               +-------+-------+-------+-------+-------+----------------------

Table legend: (Time is in decaauts)
 A = Elapsed time spent in this place.
 B = Non-inter-level travel time spent in this place.
 C = Inter-level travel time spent in this place.
 D = Time resting spent in this place.
 E = Time spent auto-exploring this place.
 F = Levels seen in this place.
 G = Mean time per level.
                   A        B        C        D        E       F      G
               +--------+--------+--------+--------+--------+-----+--------+
         Total |   2481 |   2447 |     34 |    945 |   1282 |   2 | 1240.5 |
       Dungeon |   2481 |   2447 |     34 |    945 |   1282 |   2 | 1240.5 |
               +--------+--------+--------+--------+--------+-----+--------+

Top non-repeatable levels by time:
     D:1: 2023 daAuts
     D:2: 458 daAuts
